 Dungeon Crawl Stone Soup version 0.29-a0-824-gd827844252 (webtiles) character file.

Game seed: 2285492326285577870

10123 SPECTATEmePLS the Unseen (level 11, -2/43 HPs)
             Began as a Felid Enchanter on July 9, 2022.
             Slain by a large slime creature (28 damage)
             ... summoned by an orange crystal statue
             ... on level 12 of the Dungeon.
             The game lasted 00:31:02 (20021 turns).

SPECTATEmePLS the Unseen (Felid Enchanter)         Turns: 20021, Time: 00:31:04

Health: -2/43      AC:  2    Str:  6    XL:     11   Next: 32%
Magic:  19/23      EV: 26    Int: 16    God:
Gold:   695        SH:  0    Dex: 26    Spells: 19/25 levels left
                                        Lives:  0   Deaths: 2

rFire   . . .      SeeInvis +     - Unarmed
rCold   . . .      Faith    .   (shield unavailable)
rNeg    . . .      Spirit   .   (body armour unavailable)
rPois   .          Reflect  .   (helmet unavailable)
rElec   .          Harm     .   (cloak unavailable)
rCorr   .          Rampage  .   (gloves unavailable)
Will    +....                   (boots unavailable)
Stlth   +++++++...              L - amulet of magic regeneration
HPRegen 0.14/turn               a - ring of wizardry
MPRegen 0.58/turn               j - +6 ring of dexterity

@: quick
A: very small, claws 1, fangs 3, see invisible, speed 1, shaggy fur 2, stealthy
paws, no weapons or thrown items, no armour, multi-lived
a: no special abilities


You were on level 12 of the Dungeon.
You visited 1 branch of the dungeon, and saw 12 of its levels.

You collected 779 gold pieces.
You spent 84 gold pieces at shops.

Inventory:

Jewellery
 a - a ring of wizardry (left paw)
 j - a +6 ring of dexterity (right paw)
 p - a ring of ice
 y - a ring of protection from cold
 E - an amulet of faith
 L - an amulet of magic regeneration (around neck)
 M - a ring of wizardry
 N - a ring of fire
 O - a ring of flight
Wands
 m - a wand of flame (27)
 s - a wand of paralysis (24)
 w - a wand of digging (6)
 G - a wand of mindburst (11)
 P - a wand of polymorph (4)
Scrolls
 d - 4 scrolls of enchant weapon {unknown}
 f - 3 scrolls of poison {unknown}
 g - 12 scrolls of identify {unknown}
 h - 4 scrolls of fog {unknown}
 i - a scroll of enchant armour {unknown}
 k - 3 scrolls of noise
 o - 3 scrolls of torment {unknown}
 q - 4 scrolls of blinking {unknown}
 r - a scroll of amnesia {unknown}
 u - 3 scrolls of magic mapping {unknown}
 A - 4 scrolls of immolation {unknown}
 C - 3 scrolls of teleportation {unknown}
 D - a scroll of silence {unknown}
 F - 3 scrolls of summoning {unknown}
 I - a scroll of fear {unknown}
Potions
 b - 3 potions of haste
 c - a potion of attraction {unknown}
 e - 4 potions of heal wounds {unknown}
 l - 2 potions of mutation {unknown}
 n - 2 potions of cancellation {unknown}
 t - 2 potions of resistance
 v - a potion of degeneration {unknown}
 x - a potion of ambrosia {unknown}
 z - 2 potions of lignification {unknown}
 B - 2 potions of flight {unknown}
 H - a potion of brilliance {unknown}
 J - a potion of curing
 K - a potion of magic {unknown}
 Q - a potion of might {unknown}


   Skills:
 + Level 2.4 Fighting
 + Level 8.8 Dodging
 + Level 17.1 Stealth
 + Level 8.9 Unarmed Combat
 + Level 7.7 Spellcasting
 + Level 11.0 Hexes
 + Level 5.1 Ice Magic
 + Level 2.0 Earth Magic


You had 19 spell levels left.
You knew the following spells:

 Your Spells              Type           Power      Damage    Failure   Level
a - Ensorcelled Hibernat  Hex/Ice        64%        N/A       1%          2
b - Sandblast             Erth           24%        2d8       1%          1
c - Confusing Touch       Hex            41%        N/A       1%          3

Your spell library contained the following spells:

 Spells                   Type           Power      Damage    Failure   Level
 Dazzling Flash           Conj/Hex       46%        N/A       1%          3
 Tukima's Dance           Hex            41%        N/A       1%          3
 Cause Fear               Hex            20%        N/A       1%          4
 Passwall                 Tmut/Erth      7%         N/A       4%          2
 Stone Arrow              Conj/Erth      18%        3d8       9%          3
 Dragon Form              Tmut           3%         N/A       100%        7
 Dragon's Call            Summ           3%         N/A       100%        9


Dungeon Overview and Level Annotations

Branches:
Dungeon (12/15)            Temple (0/1) D:5            Lair (0/6) D:8
    Orc (0/2) D:11

Altars:
Dithmenos
Kikubaaqudgha
Yredelemnul

Shops:
D:1 !   D:2 [   D:6 !

Annotations:
D:9 vilexx's ghost, novice GrCj
D:12 exclusion: 2 orange crystal statues, Azrael


Innate Abilities, Weirdness & Mutations

You have sharp claws.
You have razor-sharp teeth.
You have supernaturally acute eyesight. (SInv)
You cover ground quickly. (Speed+)
You are covered in thick fur. (AC +2)
Your paws help you pounce on unaware monsters.
You are incapable of wielding weapons or throwing items.
You cannot wear armour.
You gain extra lives every three experience levels.


Message History

2 orange crystal statues come into view.
The orc warrior hits you from afar with a +0 trident!!
The orange crystal statue glitters.
The warg howls!
Marking area around 2 orange crystal statues as unsafe for travelling.
The orc knight shouts!
The orc warrior misses you.
Casting: Ensorcelled Hibernation (safe; 1% risk of failure)
Confirm with . or Enter, or press ? or * to list all spells.
Aiming: Ensorcelled Hibernation (safe; 1% risk of failure)
Press: ? - help, Shift-Dir - straight line, f - orc warrior
Aim: an orc warrior, wielding a +0 trident and wearing a +0 chain mail (chance to affect: 62%)
The orc warrior looks drowsy...
You pounce on the unaware helpless orc warrior!
You eviscerate the orc warrior!!!!
You kill the orc warrior!
You start resting.
Magic restored.
Casting: Ensorcelled Hibernation (safe; 1% risk of failure)
Confirm with . or Enter, or press ? or * to list all spells.
Aiming: Ensorcelled Hibernation (safe; 1% risk of failure)
Press: ? - help, Shift-Dir - straight line, f - slime creature
Aim: a slime creature (summoned, chance to affect: 44%)
The slime creature resists with some effort.
Casting: Ensorcelled Hibernation (safe; 1% risk of failure)
Confirm with . or Enter, or press ? or * to list all spells.
Aiming: Ensorcelled Hibernation (safe; 1% risk of failure)
Press: ? - help, Shift-Dir - straight line, f/p - slime creature
Aim: a slime creature (summoned, chance to affect: 44%)
The slime creature resists with some effort.
Two slime creatures merge to form a large slime creature.
Unknown command.
Casting: Ensorcelled Hibernation (safe; 1% risk of failure)
Confirm with . or Enter, or press ? or * to list all spells.
Aiming: Ensorcelled Hibernation (safe; 1% risk of failure)
Press: ? - help, Shift-Dir - straight line, f/p - large slime creature
Aim: a large slime creature (summoned, chance to affect: 44%)
The large slime creature resists with some effort.
The large slime creature hits you!!
Ouch! That really hurt!
You die...

##.# #.JJ# #.#
##### #J..# #.#
#...######.8.# #.#
#.......†o...#
##.###...#.##.##.##
#...###.##.##o##.##
........##.##...#.#
....######.#####J##
##.## #.#####@# #.#
#.).....# #.#
#######.# ##+## #.#
#...## #.# .....##
#####.# ......##
##.....#
.......####...####
.......'.......#


You could see a large slime creature (summoned).

Vanquished Creatures
  2 boulder beetles (D:12)
  A hydra (D:8)
  6 two-headed ogres
  Amaemon (D:9)
  An orc knight (D:8)
  An ugly thing (D:12)
  3 cyclopes
  An orange demon (D:9)
  A freezing wraith (D:8)
  3 trolls
  Prince Ribbit (D:9)
  2 slime creatures (D:12)
  Sigmund (D:5)
  3 wyverns
  2 wraiths
  2 shadows
  14 yaks
  2 basilisks (D:8)
  2 steam dragons
  A warg (D:9)
  2 acid dragons
  A hell hound (D:12)
  8 orc warriors
  3 ice beasts (D:6)
  6 black bears
  An ogre (D:4)
  2 centaurs (D:9)
  A phantom (D:4)
  6 kobold brigands
  A gnoll sergeant (D:7)
  3 bullfrogs
  3 necrophages
  2 scorpions
  6 wights
  3 killer bees
  2 howler monkeys (D:10)
  3 hounds
  5 jellies
  10 orc priests
  4 iguanas
  9 orc wizards
  Robin (D:2)
  11 adders
  20 gnolls
  2 shadow imps (D:4)
  An ufetubus (D:5)
  4 dart slugs
  2 worms
  27 orcs
  6 bats
  3 endoplasms
  2 giant cockroaches
  16 goblins
  16 hobgoblins
  3 quokkas
  5 ball pythons
  4 frilled lizards
  26 kobolds
  2 rats (D:3)
282 creatures vanquished.

Vanquished Creatures (others)
  21 plants
21 creatures vanquished.

Grand Total: 303 creatures vanquished

Notes
Turn   | Place    | Note
-------+----------+-------------------------------------------
     0 | D:1      | SPECTATEmePLS the Felid Enchanter began the quest for the
                  | Orb.
     0 | D:1      | Reached XP level 1. HP: 7/7 MP: 4/4
   113 | D:1      | Reached XP level 2. HP: 6/11 MP: 6/6
   116 | D:1      | Learned a level 2 spell: Ensorcelled Hibernation
   761 | D:2      | Noticed Robin
   915 | D:1      | Found Sotiwneo's Distillery.
  1067 | D:1      | Found a faded altar of an unknown god.
  1223 | D:1      | Reached XP level 3. HP: 14/14 MP: 7/7
  1665 | D:2      | Found Buerowug's Armour Shop.
  1747 | D:3      | Reached skill level 5 in Stealth
  2072 | D:3      | Noticed a scorpion
  2176 | D:2      | Reached XP level 4. HP: 18/18 MP: 2/8
  3002 | D:2      | Killed Robin
  3684 | D:3      | Reached XP level 5. HP: 21/21 MP: 6/9
  3755 | D:3      | Reached skill level 6 in Stealth
  4421 | D:4      | Noticed an ogre
  4454 | D:4      | Noticed a black bear
  4475 | D:4      | Reached skill level 5 in Dodging
  4476 | D:4      | Killed a black bear
  4477 | D:4      | Gained mutation: You are covered in thick fur. (AC +2)
                  | [Felid growth]
  4477 | D:4      | Reached XP level 6. HP: 16/24 MP: 0/10
  5044 | D:3      | Reached skill level 7 in Stealth
  5740 | D:4      | Reached XP level 7. HP: 27/27 MP: 5/11
  5802 | D:4      | Learned a level 1 spell: Sandblast
  5877 | D:5      | Entered Level 5 of the Dungeon
  6109 | D:5      | Learned a level 3 spell: Confusing Touch
  6164 | D:4      | Found a transporter.
  6182 | D:4      | Found a transporter.
  6201 | D:4      | Reached skill level 8 in Stealth
  6525 | D:4      | Reached skill level 5 in Unarmed Combat
  7818 | D:5      | Found a staircase to the Ecumenical Temple.
  7818 | D:5      | Noticed a yak
  7818 | D:5      | Noticed a yak
  7820 | D:5      | Noticed a yak
  7824 | D:5      | Reached XP level 8. HP: 31/31 MP: 12/12
  7839 | D:5      | Reached skill level 9 in Stealth
  7839 | D:5      | Reached skill level 1 in Earth Magic
  7846 | D:5      | Reached skill level 1 in Ice Magic
  8052 | D:4      | Reached skill level 5 in Hexes
  8450 | D:5      | Noticed Sigmund
  8456 | D:5      | Reached XP level 9. HP: 24/34 MP: 11/16
  8458 | D:5      | Killed Sigmund
  8459 | D:5      | Reached skill level 10 in Stealth
  9000 | D:5      | Identified the +8 dagger "Xysimas" {venom, rElec rPois rF+
                  | Str+2}
  9734 | D:6      | Found Ciuqups's Distillery.
  9742 | D:6      | Bought a potion of curing for 42 gold pieces
  9742 | D:6      | Bought a potion of curing for 42 gold pieces
 10027 | D:6      | Reached skill level 11 in Stealth
 10626 | D:6      | Reached skill level 1 in Fighting
 11154 | D:7      | Found a shadowy altar of Dithmenos.
 11926 | D:7      | Reached skill level 5 in Spellcasting
 12018 | D:8      | Reached XP level 10. HP: 20/39 MP: 15/18
 12222 | D:7      | Reached skill level 12 in Stealth
 12349 | D:8      | Noticed a two-headed ogre
 12361 | D:8      | Killed a two-headed ogre
 12617 | D:8      | Found a basalt altar of Yredelemnul.
 13514 | D:8      | Found a staircase to the Lair.
 13664 | D:8      | Noticed a cyclops
 13664 | D:8      | Noticed a skeletal warrior
 13665 | D:8      | Found a runed translucent door.
 13667 | D:8      | Noticed a five-headed hydra
 13667 | D:8      | Noticed an orc knight
 13667 | D:8      | Noticed a cyclops
 14033 | D:8      | Killed a five-headed hydra
 14092 | D:8      | Killed an orc knight
 14093 | D:8      | Reached skill level 13 in Stealth
 14099 | D:8      | Killed a cyclops
 14342 | D:8      | Killed a cyclops
 14701 | D:8      | Identified the +8 plate armour of the Cricket {MP+9}
 14705 | D:8      | Identified the +10 battleaxe of Vismoca {flame, SInv
                  | Stlth+}
 14968 | D:9      | Reached skill level 14 in Stealth
 14968 | D:9      | Reached XP level 11. HP: 42/42 MP: 4/21
 15188 | D:9      | Noticed a two-headed ogre
 15191 | D:9      | Killed a two-headed ogre
 15561 | D:9      | Found a runed translucent gate.
 15561 | D:9      | Identified the +6 chain mail of Noughts and Crosses {Str+4
                  | Slay-3}
 15562 | D:9      | Found a runed translucent gate.
 15563 | D:9      | Found a runed translucent gate.
 15563 | D:9      | Noticed vilexx's ghost (novice GrCj)
 15672 | D:9      | Noticed Prince Ribbit
 15674 | D:9      | Killed Prince Ribbit
 15810 | D:9      | Reached skill level 15 in Stealth
 16537 | D:9      | Noticed Amaemon
 16563 | D:9      | Killed Amaemon
 16837 | D:9      | Found the +3 Mad Mage's Maulers {Infuse+∞ RegenMP Int-3}
 16936 | D:10     | Entered Level 10 of the Dungeon
 17204 | D:10     | Reached skill level 10 in Hexes
 17237 | D:9      | HP: 1/43 [killer bee (8)]
 17238 | D:9      | Slain by a killer bee
 17239 | D:9      | Reached XP level 10. HP: -1/40 MP: 21/21
 17735 | D:9      | Killed from afar by vilexx's ghost
 17736 | D:9      | Reached XP level 9. HP: -2/36 MP: 20/20
 18696 | D:10     | Found an ancient bone altar of Kikubaaqudgha.
 18870 | D:11     | Noticed a two-headed ogre
 18875 | D:11     | Killed a two-headed ogre
 18876 | D:11     | Reached XP level 10. HP: 40/40 MP: 19/21
 18935 | D:11     | Noticed a two-headed ogre
 18942 | D:11     | Killed a two-headed ogre
 18943 | D:11     | Reached skill level 16 in Stealth
 19176 | D:11     | Found a staircase to the Orcish Mines.
 19305 | D:11     | Noticed a cyclops
 19312 | D:11     | Killed a cyclops
 19427 | D:12     | Noticed a boulder beetle
 19434 | D:12     | Killed a boulder beetle
 19435 | D:12     | Noticed a brown ugly thing
 19439 | D:12     | Killed a brown ugly thing
 19489 | D:12     | Noticed a two-headed ogre
 19502 | D:12     | Killed a two-headed ogre
 19503 | D:12     | Reached XP level 11. HP: 43/43 MP: 16/23
 19528 | D:12     | Reached skill level 5 in Ice Magic
 19631 | D:12     | Noticed Azrael
 19948 | D:12     | Noticed a two-headed ogre
 19953 | D:12     | Killed a two-headed ogre
 19954 | D:12     | Reached skill level 17 in Stealth
 19960 | D:12     | Noticed a boulder beetle
 19964 | D:12     | Killed a boulder beetle
 19999 | D:12     | Noticed an orc knight
 20001 | D:12     | Noticed an orange crystal statue
 20001 | D:12     | Noticed an orange crystal statue
 20002 | D:12     | Noticed a two-headed ogre
 20021 | D:12     | Slain by a large slime creature

Illustrated notes

Levels and vault maps discovered:
D:1:      onia_arrival_mini_maze_b, layout_rooms, serial_shops, shop,
          shapermc_ecumenical_altar_mp_highgroup, chequers_serial_rivers_small_3
D:2:      layout_basic, serial_shops, shop, serial_curves, eino_curves_03,
          eino_curves_02, eino_curves_02, uniq_robin
D:3:      layout_rooms, roderic_three_in_a_row, dreamdust_princess_corridor
D:4:      gammafunk_wand_slinger, layout_cave_pods, serial_park,
          serial_park_square3 [serial_park_minivault_5x5_5],
          serial_park_fountain, serial_park_square1
          [serial_park_minivault_5x5_7]
D:5:      corexii_shack_village, layout_loops_ring,
          minmay_temple_entry_overgrown, grunt_ministairs_3,
          serial_bayou_crossing, uniq_sigmund
D:6:      layout_rooms, serial_shops, shop, minmay_misc_feat_hallway,
          minmay_starry_boxes
D:7:      layout_loops_ring, general_overflow_altar, kennysheep_generic_room_9
D:8:      minmay_gate_of_8, layout_layer_cave, lemuel_crystal_altar,
          grunt_decor_fettered
D:9:      layout_loops_corners, biasface_ghost_orc_armoury,
          kennysheep_generic_room_7, uniq_prince_ribbit1, uniq_amaemon
D:10:     layout_basic, nicolae_kikubaaqudgha_miasma_corner
D:11:     layout_gridville, orc_0_dummy, lemuel_old_faithful
D:12:     layout_loops_corners, st_stairs_5, david_greed, uniq_azrael

Skill      XL: |  1  2  3  4  5  6  7  8  9 10 11 |
---------------+----------------------------------+-----
Dodging        | 3 4 5 6 7 8 |  8.8
Unarmed Combat | 2 3 4 5 6 8 |  8.9
Stealth        | 5 6 7 8 9 11 16 17 | 17.1
Earth Magic    | 1 2 |  2.0
Spellcasting   | 4 5 6 7 |  7.7
Ice Magic      | 1 3 5 |  5.1
Hexes          | 5 7 9 11 | 11.0
Fighting       | 1 2 |  2.4

Action                   |  1- 3 |  4- 6 |  7- 9 | 10-12 || total
-------------------------+-------+-------+-------+-------++-------
Melee: Unarmed           |    89 |    57 |   195 |   177 ||   518
       Bite              |     4 |     1 |    14 |    18 ||    37
       Punch             |     1 |       |     1 |     6 ||     8
 Cast: Ensorcelled Hiber |    22 |    63 |   126 |    98 ||   309
       Sandblast         |       |       |    35 |     2 ||    37
       Confusing Touch   |       |       |     8 |    10 ||    18
Evoke: Wand              |       |     2 |     1 |       ||     3
  Use: Potion            |       |     7 |     5 |     4 ||    16
       Scroll            |       |       |       |     1 ||     1
 Stab: Sleeping          |    26 |    31 |    91 |    76 ||   224
       Confused          |       |       |     8 |    13 ||    21
Armor: Skin              |     9 |     7 |     7 |     8 ||    31
Dodge: Dodged            |    72 |   140 |   208 |   203 ||   623

Table legend: (Time is in decaauts)
 A = Elapsed time spent in this place.
 B = Non-inter-level travel time spent in this place.
 C = Inter-level travel time spent in this place.
 D = Time resting spent in this place.
 E = Time spent auto-exploring this place.
 F = Levels seen in this place.
 G = Mean time per level.
                   A        B        C        D        E       F      G
               +--------+--------+--------+--------+--------+-----+--------+
         Total |  18131 |  17600 |    531 |   8355 |   6351 |  12 | 1510.9 |
       Dungeon |  18131 |  17600 |    531 |   8355 |   6351 |  12 | 1510.9 |
               +--------+--------+--------+--------+--------+-----+--------+

Top non-repeatable levels by time:
     D:9: 2791 daAuts
     D:4: 2557 daAuts
     D:1: 1957 daAuts
     D:7: 1880 daAuts
     D:8: 1755 daAuts
     D:3: 1738 daAuts
     D:5: 1492 daAuts
     D:2: 1052 daAuts
     D:6: 960 daAuts
    D:10: 959 daAuts
    D:12: 559 daAuts
    D:11: 427 daAuts
